 Dungeon Crawl Stone Soup version 0.31-a0-986-g5e6e4ef867 (webtiles) character file.

Game seed: 17163792156412875149

8465 DocClef the Blocker (level 11, -10/89 HPs)
             Began as a Gnoll Fighter on Nov 5, 2023.
             Was an Elder of Okawaru.
             Mangled by a komodo dragon (19 damage)
             ... on level 1 of the Lair of Beasts.
             The game lasted 00:12:44 (8706 turns).

DocClef the Blocker (Gnoll Fighter)                 Turns: 8706, Time: 00:12:44

Health: -10/89     AC: 15    Str: 19    XL:     11   Next: 31%
Magic:  20/20      EV: 12    Int:  8    God:    Okawaru [****..]
Gold:   491        SH:  6    Dex: 12    Spells: 22/22 levels left

rFire   + . .        J - +0 trident (vamp)
rCold   + . .        c - +0 buckler
rNeg    . . .        z - +2 scale mail {rF+}
rPois   .            (no helmet)
rElec   .            (no cloak)
rCorr   .            (no gloves)
SInv    .            x - +0 pair of boots
Will    .....        w - amulet of regeneration
Stlth   ++           n - +4 ring of protection
HPRegen 1.14/turn    K - ring of protection from cold
MPRegen 0.17/turn

%: no passive effects
@: no status effects
A: fangs 1, strong nose, distributed training
a: Renounce Religion, Heroism, Finesse


You were on level 1 of the Lair of Beasts.
You worshipped Okawaru.
Okawaru was greatly pleased with you.
You visited 3 branches of the dungeon, and saw 11 of its levels.

You collected 491 gold pieces.

Inventory:

Hand Weapons
 a - a +0 war axe
 B - a +2 short sword of electrocution
 D - a +2 whip of freezing
 J - a +0 vampiric trident (weapon)
 L - a -1 demon whip of venom
Armour
 b - a +0 scale mail
 c - a +0 buckler (worn)
 x - a +0 pair of boots (worn)
 z - a +2 scale mail of fire resistance (worn)
Jewellery
 l - an amulet of magic regeneration
 n - a +4 ring of protection (left hand)
 w - an amulet of regeneration (around neck)
 F - an amulet of reflection
 K - a ring of protection from cold (right hand)
Wands
 g - a wand of digging (4)
 s - a wand of polymorph (2)
 t - a wand of roots (14)
Scrolls
 f - 3 scrolls of blinking
 j - 6 scrolls of identify {unknown}
 k - 2 scrolls of fog {unknown}
 u - 5 scrolls of teleportation {unknown}
 y - 4 scrolls of enchant weapon {unknown}
 A - a scroll of enchant armour {unknown}
 C - 2 scrolls of immolation {unknown}
 E - 2 scrolls of revelation {unknown}
 G - a scroll of butterflies {unknown}
 I - a scroll of poison {unknown}
Potions
 d - a potion of might
 e - a potion of degeneration {unknown}
 h - 3 potions of brilliance
 m - 5 potions of curing
 o - 2 potions of lignification {unknown}
 p - a potion of magic {unknown}
 q - 3 potions of attraction {unknown}
 r - a potion of resistance
 v - a potion of haste
 H - a potion of enlightenment {unknown}


   Skills:
 + Level 9.2 Fighting
 + Level 6.3 Short Blades
 + Level 6.3 Long Blades
 + Level 7.9 Axes
 + Level 6.3 Maces & Flails
 + Level 6.3 Polearms
 + Level 6.3 Staves
 + Level 6.3 Ranged Weapons
 + Level 6.3 Throwing
 + Level 9.2 Armour
 + Level 6.3 Dodging
 + Level 6.3 Stealth
 + Level 9.2 Shields
 + Level 6.3 Unarmed Combat
 + Level 6.3 Spellcasting
 + Level 5.2 Conjurations
 + Level 5.2 Hexes
 + Level 5.2 Summonings
 + Level 5.2 Necromancy
 + Level 5.2 Translocations
 + Level 5.2 Transmutations
 + Level 5.2 Fire Magic
 + Level 5.2 Ice Magic
 + Level 5.2 Air Magic
 + Level 5.2 Earth Magic
 + Level 5.2 Poison Magic
 + Level 6.9 Invocations
 + Level 6.3 Evocations
 + Level 5.7 Shapeshifting


You had 22 spell levels left.
You didn't know any spells.
Your spell library contained the following spells:

 Spells                   Type           Power      Damage    Failure   Level
 Slow                     Hex            40%        N/A       9%          1
 Wereblood                Tmut           10%        N/A       12%         2
 Confusing Touch          Hex            10%        N/A       24%         3
 Ozocubu's Armour         Ice            10%        N/A       24%         3
 Sigil of Binding         Hex            10%        N/A       24%         3
 Stone Arrow              Conj/Erth      20%        3d8       24%         3
 Vampiric Draining        Necr           10%        2d6       24%         3
 Irradiate                Conj/Tmut      5%         3d13      92%         5
 Metabolic Englaciation   Hex/Ice        5%         N/A       92%         5
 Lehudib's Crystal Spear  Conj/Erth      5%         10d3      100%        8
 Animate Armour           Summ/Erth      Unusable   N/A       N/A         4
 Simulacrum               Ice/Necr       Unusable   N/A       N/A         6

Dungeon Overview and Level Annotations

Branches:
Dungeon (9/15)             Temple (1/1) D:7            Lair (1/5) D:8
    Orc: D:9-12

Altars:
Ashenzari
Cheibriados
Dithmenos
Elyvilon
Fedhas
Gozag
Hepliaklqana
Kikubaaqudgha
Makhleb
Nemelex Xobeh
Okawaru
Qazlal
Ru
Trog
Uskayaw
Vehumet
Wu Jian
Xom
Yredelemnul
Zin
The Shining One

Annotations:
D:2 1 runed translucent door, Crazy Yiuf
D:7 2 transporters


Innate Abilities, Weirdness & Mutations

You have very sharp teeth.
Your uncanny sense of smell can sniff out nearby items.
Your experience applies equally to all skills.


Message History

You are too injured to fight recklessly!
You are too injured to fight recklessly!
You are too injured to fight recklessly!
You are too injured to fight recklessly!
You are too injured to fight recklessly!
You are too injured to fight recklessly!
You are too injured to fight recklessly!
You are too injured to fight recklessly!
You hit the komodo dragon.
You feel better.
The komodo dragon is severely wounded.
The komodo dragon misses you.
You hit the komodo dragon.
The komodo dragon is almost dead.
The komodo dragon bites you but does no damage.
You hit the komodo dragon.
The komodo dragon is almost dead.
The komodo dragon bites you!
You hit the komodo dragon but do no damage.
The komodo dragon is almost dead.
You block the komodo dragon's attack.
You completely miss the komodo dragon.
The komodo dragon is almost dead.
You block the komodo dragon's attack.
You hit the komodo dragon.
You feel better.
The komodo dragon is almost dead.
The komodo dragon bites you!
* * * LOW HITPOINT WARNING * * *
You hit the komodo dragon.
You feel better.
The komodo dragon is almost dead.
The komodo dragon bites you but does no damage.
You hit the komodo dragon.
You feel better.
The komodo dragon is almost dead.
The komodo dragon bites you!
* * * LOW HITPOINT WARNING * * *
The komodo dragon bites you.
* * * LOW HITPOINT WARNING * * *
You hit the komodo dragon but do no damage.
The komodo dragon is almost dead.
The komodo dragon bites you!!
You die...

#.#.#
###.# #
#..# .#
##.# .P##
######+.
#####...
#.......
##.#$..
#.......
#.l#.###
#.......
#.@...#
+....>..
#!#'###
#.......
#####.#
#.......
#.....#
##.+##.#
###..#.##
##...##
#P......#
####'##
##......#
#.....#
#......#
##..†.#
##......#
#....#


You could see a komodo dragon.

Vanquished Creatures
  A two-headed ogre (D:8)
  Amaemon (Lair:1)
  Pikel (D:7)
  Joseph (D:7)
  An orange demon (Lair:1)
  3 komodo dragons
  4 blink frogs (Lair:1)
  7 yaks
  4 vampire mosquitoes (D:8)
  3 water moccasins
  2 orc warriors (D:7)
  A sky beast (D:8)
  An ice beast (D:7)
  3 black bears (D:8)
  A centaur (D:6)
  A phantom (D:5)
  2 kobold brigands
  Blork the orc (D:6)
  5 bullfrogs
  A gnoll sergeant (D:8)
  5 scorpions
  3 wights (D:8)
  5 orc priests
  2 jellies
  3 gnoll boudas
  6 hounds
  Jessica (D:3)
  6 iguanas
  8 orc wizards
  9 gnolls
  8 adders
  A shadow imp (D:7)
  2 white imps
  2 ufetubi (Temple)
  3 dart slugs
  23 orcs
  4 ball pythons
  6 endoplasms
  4 giant cockroaches
  9 hobgoblins
  6 jackals (D:4)
  21 kobolds
  A quokka (D:4)
  2 bats
  5 frilled lizards
  8 goblins
  3 rats
200 creatures vanquished.

Notes
Turn   | Place    | Note
-------+----------+-------------------------------------------
     0 | D:1      | DocClef the Gnoll Fighter began the quest for the Orb.
     0 | D:1      | Reached XP level 1. HP: 23/23 MP: 1/1
   104 | D:1      | Reached XP level 2. HP: 16/29 MP: 2/2
   266 | D:1      | Reached XP level 3. HP: 34/35 MP: 3/3
   287 | D:1      | Found a faded altar of an unknown god.
   420 | D:1      | You fall into a shaft and drop 1 floor!
   593 | D:2      | Reached skill level 1 in Invocations
   838 | D:2      | Found a runed translucent door.
   839 | D:2      | Noticed Crazy Yiuf
   904 | D:2      | Reached skill level 1 in Short Blades
   904 | D:2      | Reached skill level 1 in Long Blades
   904 | D:2      | Reached skill level 1 in Maces & Flails
   904 | D:2      | Reached skill level 1 in Polearms
   904 | D:2      | Reached skill level 1 in Staves
   904 | D:2      | Reached skill level 1 in Ranged Weapons
   904 | D:2      | Reached skill level 1 in Throwing
   904 | D:2      | Reached skill level 1 in Dodging
   904 | D:2      | Reached skill level 1 in Stealth
   904 | D:2      | Reached skill level 1 in Unarmed Combat
   904 | D:2      | Reached skill level 1 in Spellcasting
   904 | D:2      | Reached skill level 1 in Evocations
  1257 | D:3      | Reached XP level 4. HP: 41/41 MP: 5/5
  1336 | D:1      | Reached skill level 1 in Shapeshifting
  1488 | D:3      | Reached skill level 1 in Conjurations
  1488 | D:3      | Reached skill level 1 in Hexes
  1488 | D:3      | Reached skill level 1 in Summonings
  1488 | D:3      | Reached skill level 1 in Necromancy
  1488 | D:3      | Reached skill level 1 in Translocations
  1488 | D:3      | Reached skill level 1 in Transmutations
  1488 | D:3      | Reached skill level 1 in Fire Magic
  1488 | D:3      | Reached skill level 1 in Ice Magic
  1488 | D:3      | Reached skill level 1 in Air Magic
  1488 | D:3      | Reached skill level 1 in Earth Magic
  1488 | D:3      | Reached skill level 1 in Poison Magic
  1497 | D:3      | Reached XP level 5. HP: 16/47 MP: 5/7
  1959 | D:3      | Noticed Jessica
  1973 | D:3      | Killed Jessica
  2512 | D:4      | Reached XP level 6. HP: 12/53 MP: 8/8
  2705 | D:4      | Reached skill level 5 in Axes
  3297 | D:4      | Reached XP level 7. HP: 57/59 MP: 10/10
  3626 | D:5      | Entered Level 5 of the Dungeon
  3655 | D:5      | HP: 3/60 [poisoned by a water moccasin]
  4626 | D:5      | Found a sparkling altar of Nemelex Xobeh.
  4834 | D:6      | Reached XP level 8. HP: 62/67 MP: 12/12
  5214 | D:6      | Noticed Blork the orc
  5226 | D:6      | Killed Blork the orc
  5894 | D:7      | Found a staircase to the Ecumenical Temple.
  5903 | Temple   | Entered the Ecumenical Temple
  5932 | Temple   | Became a worshipper of Warmaster Okawaru
  5984 | Temple   | Reached XP level 9. HP: 73/73 MP: 14/14
  6158 | D:7      | Noticed Pikel
  6194 | D:7      | Killed Pikel
  6194 | D:7      | Reached * piety under Okawaru
  6332 | D:7      | Noticed Joseph
  6600 | D:6      | Reached skill level 5 in Invocations
  6884 | D:7      | Found a transporter.
  6921 | D:7      | Found a transporter.
  7094 | D:7      | Killed Joseph
  7094 | D:7      | Reached ** piety under Okawaru
  7140 | D:8      | Reached XP level 10. HP: 74/80 MP: 17/17
  7343 | D:8      | Noticed a two-headed ogre
  7356 | D:8      | Reached skill level 5 in Short Blades
  7356 | D:8      | Reached skill level 5 in Long Blades
  7356 | D:8      | Reached skill level 5 in Maces & Flails
  7356 | D:8      | Reached skill level 5 in Polearms
  7356 | D:8      | Reached skill level 5 in Staves
  7356 | D:8      | Reached skill level 5 in Ranged Weapons
  7356 | D:8      | Reached skill level 5 in Throwing
  7356 | D:8      | Reached skill level 5 in Dodging
  7356 | D:8      | Reached skill level 5 in Stealth
  7356 | D:8      | Reached skill level 5 in Unarmed Combat
  7356 | D:8      | Reached skill level 5 in Spellcasting
  7356 | D:8      | Reached skill level 5 in Evocations
  7367 | D:8      | Killed a two-headed ogre
  7562 | D:8      | Reached skill level 5 in Shapeshifting
  7777 | D:8      | Reached *** piety under Okawaru
  7792 | D:8      | Found a staircase to the Lair.
  8021 | D:9      | Noticed a gargoyle
  8084 | D:14     | Identified the "Coij"
  8084 | Lair:1   | Entered Level 1 of the Lair of Beasts
  8266 | Lair:1   | Reached **** piety under Okawaru
  8267 | Lair:1   | Reached XP level 11. HP: 87/87 MP: 19/19
  8297 | Lair:1   | Reached skill level 5 in Conjurations
  8297 | Lair:1   | Reached skill level 5 in Hexes
  8297 | Lair:1   | Reached skill level 5 in Summonings
  8297 | Lair:1   | Reached skill level 5 in Necromancy
  8297 | Lair:1   | Reached skill level 5 in Translocations
  8297 | Lair:1   | Reached skill level 5 in Transmutations
  8297 | Lair:1   | Reached skill level 5 in Fire Magic
  8297 | Lair:1   | Reached skill level 5 in Ice Magic
  8297 | Lair:1   | Reached skill level 5 in Air Magic
  8297 | Lair:1   | Reached skill level 5 in Earth Magic
  8297 | Lair:1   | Reached skill level 5 in Poison Magic
  8373 | Lair:1   | Noticed Amaemon
  8396 | Lair:1   | Killed Amaemon
  8706 | Lair:1   | Mangled by a komodo dragon

Illustrated notes

Levels and vault maps discovered:
D:1:      giann_forest_graveyard, layout_rooms,
          dreamdust_ecumenical_altar_statues, minmay_tripent
D:2:      layout_loops_ring, minmay_misc_feat_enclosed, uniq_crazy_yiuf_cottage
D:3:      layout_loops_corners, uniq_jessica
D:4:      layout_loops_ring, kennysheep_generic_room_16
D:5:      layout_basic, nemelex_diamond_rough_becter
D:6:      layout_basic, serial_corexii_hall, chequers_hall_statues_wall_a,
          corexii_hall_statues_u, chequers_hall_statues_y,
          kennysheep_generic_room_7, uniq_blork_the_orc
D:7:      gammafunk_cloud_chamber, layout_rooms, minmay_temple_entry_slanted,
          grunt_decor_junction, uniq_joseph, uniq_pikel
D:8:      layout_loops_ring, grunt_lair_entry_orc_guard_hut
D:9:      layout_roguey [special_room_bee], lemuel_crystal_altar,
          nicolae_kite_square_tiling_tiny, kb_rosetta
Temple:   nicolae_temple_bog_church
Lair:1:   layout_roguey, uniq_urug, uniq_amaemon

Skill      XL: |  1  2  3  4  5  6  7  8  9 10 11 |
---------------+----------------------------------+-----
Invocations    | 1 2 3 4 5 6 |  6.9
Short Blades   | 1 2 3 4 5 6 |  6.3
Long Blades    | 1 2 3 4 5 6 |  6.3
Maces & Flails | 1 2 3 4 5 6 |  6.3
Polearms       | 1 2 3 4 5 6 |  6.3
Staves         | 1 2 3 4 5 6 |  6.3
Ranged Weapons | 1 2 3 4 5 6 |  6.3
Throwing       | 1 2 3 4 5 6 |  6.3
Dodging        | 1 2 3 4 5 6 |  6.3
Stealth        | 1 2 3 4 5 6 |  6.3
Unarmed Combat | 1 2 3 4 5 6 |  6.3
Spellcasting   | 1 2 3 4 5 6 |  6.3
Evocations     | 1 2 3 4 5 6 |  6.3
Shapeshifting  | 1 2 3 4 5 |  5.7
Conjurations   | 1 2 3 4 5 |  5.2
Hexes          | 1 2 3 4 5 |  5.2
Summonings     | 1 2 3 4 5 |  5.2
Necromancy     | 1 2 3 4 5 |  5.2
Translocations | 1 2 3 4 5 |  5.2
Transmutations | 1 2 3 4 5 |  5.2
Fire Magic     | 1 2 3 4 5 |  5.2
Ice Magic      | 1 2 3 4 5 |  5.2
Air Magic      | 1 2 3 4 5 |  5.2
Earth Magic    | 1 2 3 4 5 |  5.2
Poison Magic   | 1 2 3 4 5 |  5.2
Axes           | 5 6 7 |  7.9
Fighting       | 7 8 9 |  9.2
Armour         | 7 8 9 |  9.2
Shields        | 7 8 9 |  9.2

Action                     |  1- 3 |  4- 6 |  7- 9 | 10-12 || total
---------------------------+-------+-------+-------+-------++-------
  Melee: War axe           |    77 |   176 |   322 |       ||   575
         Bite              |     5 |    17 |    61 |    52 ||   135
         Unarmed           |       |     2 |       |       ||     2
         Short sword       |       |       |   135 |   161 ||   296
         Trident           |       |       |       |   149 ||   149
 Invoke: Heroism           |       |       |       |     2 ||     2
         Finesse           |       |       |       |     1 ||     1
  Evoke: Wand              |       |       |     1 |       ||     1
    Use: Potion            |       |     1 |     5 |     1 ||     7
         Scroll            |       |       |       |     3 ||     3
   Stab: Sleeping          |       |       |     1 |     1 ||     2
 Armour: Scale mail        |    38 |   125 |   366 |   161 ||   690
         Skin              |       |     1 |       |       ||     1
  Dodge: Dodged            |    26 |    66 |   225 |    89 ||   406
  Block: Buckler           |    31 |    32 |   146 |    76 ||   285

Table legend: (Time is in decaauts)
 A = Elapsed time spent in this place.
 B = Non-inter-level travel time spent in this place.
 C = Inter-level travel time spent in this place.
 D = Time resting spent in this place.
 E = Time spent auto-exploring this place.
 F = Levels seen in this place.
 G = Mean time per level.
                   A        B        C        D        E       F      G
               +--------+--------+--------+--------+--------+-----+--------+
         Total |   8752 |   8375 |    377 |   1322 |   5080 |  11 |  795.6 |
       Dungeon |   8115 |   7751 |    364 |   1210 |   4877 |   9 |  901.7 |
        Temple |     89 |     76 |     13 |     13 |      0 |   1 |   89.0 |
          Lair |    546 |    546 |      0 |     99 |    203 |   1 |  546.0 |
               +--------+--------+--------+--------+--------+-----+--------+

Top non-repeatable levels by time:
     D:6: 1428 daAuts
     D:4: 1269 daAuts
     D:5: 1210 daAuts
     D:3: 1054 daAuts
     D:8: 909 daAuts
     D:2: 864 daAuts
     D:7: 805 daAuts
  Lair:1: 546 daAuts
     D:1: 514 daAuts
  Temple: 89 daAuts
     D:9: 59 daAuts
